[Event "Romanian-ch Open 2022"]
[Site "Eforie Nord"]
[Date "2022.02.25"]
[Round "7.10"]
[White "Istratescu, Andrei"]
[Black "Filip, Andrei"]
[Result "1/2-1/2"]
[ECO "C42"]
[WhiteElo "2470"]
[BlackElo "2216"]
[Annotator "ChessBase"]
[PlyCount "49"]
[EventDate "2022.02.20"]
[EventType "swiss"]
[EventCountry "ROU"]
[SourceTitle "playchess.com"]
[Source "ChessBase"]
[SourceQuality "1"]
[TimeControl "40/5400+30:900+30"]

1. e4 e5 2. Nf3 Nf6 3. Nxe5 d6 4. Nf3 Nxe4 5. d4 d5 6. Bd3 Bd6 7. O-O O-O 8. c4 c6 9. Qc2 Na6 10. a3 Bg4 11. Ne5 Bf5 12. Be3 Nac5 13. dxc5 Bxe5 14. cxd5 cxd5 15. Nc3 Re8 16. Nxe4 Bxe4 17. Bxe4 dxe4 18. Rad1 Qh4 19. g3 Qg4 20. Rd2 h5 21. Qd1 Qg6 22. f4 exf3 23. Qxf3 h4 24. Bf2 hxg3 25. hxg3 1/2-1/2

[Event "Romanian-ch Open 2022"]
[Site "Eforie Nord"]
[Date "2022.02.25"]
[Round "7.11"]
[White "Ghimpu, Samuel-Timotei"]
[Black "Nastore, Pavel-Alexandru"]
[Result "1-0"]
[ECO "B50"]
[WhiteElo "2420"]
[BlackElo "2306"]
[Annotator "ChessBase"]
[PlyCount "108"]
[EventDate "2022.02.20"]
[EventType "swiss"]
[EventCountry "ROU"]
[SourceTitle "playchess.com"]
[Source "ChessBase"]
[SourceQuality "1"]
[TimeControl "40/5400+30:900+30"]

1. e4 c5 2. Nf3 d6 3. c3 Nf6 4. Be2 e6 5. O-O Be7 6. Re1 O-O 7. Bf1 Nbd7 8. d4 a6 9. e5 Ne8 10. Nbd2 b6 11. Ne4 cxd4 12. cxd4 Bb7 13. Bf4 dxe5 14. dxe5 Nc5 15. Nd6 Bd5 16. Nxe8 Rxe8 17. b4 Nd7 18. Qd4 Qc7 19. Nd2 a5 20. a3 axb4 21. axb4 Rxa1 22. Rxa1 Ra8 23. Rxa8+ Bxa8 24. Ne4 Qc6 25. Nc3 f6 26. b5 Qb7 27. Qc4 Kf7 28. exf6 Nxf6 29. Be3 Bd6 30. f3 Qc7 31. Qxc7+ Bxc7 32. Na4 Nd5 33. Bd4 e5 34. Bf2 Ke6 35. Bd3 h6 36. Be4 Bd8 37. Kf1 Kd6 38. g3 Bb7 39. Ke2 Bc8 40. Bxd5 Kxd5 41. Bxb6 Bd7 42. Nc3+ Kc4 43. Bxd8 Kxc3 44. b6 Bc6 45. Ke3 Kc4 46. f4 Kd5 47. f5 h5 48. Be7 e4 49. Kf4 e3 50. Kxe3 Ke5 51. Bf8 Kxf5 52. Bxg7 Kg4 53. Kd4 Kh3 54. Be5 Bf3 1-0

[Event "Romanian-ch Open 2022"]
[Site "Eforie Nord"]
[Date "2022.02.25"]
[Round "7.12"]
[White "Badea, Bela"]
[Black "Dobre, Claudiu-Cristian"]
[Result "1-0"]
[ECO "D02"]
[WhiteElo "2413"]
[BlackElo "2298"]
[Annotator "ChessBase"]
[PlyCount "38"]
[EventDate "2022.02.20"]
[EventType "swiss"]
[EventCountry "ROU"]
[SourceTitle "playchess.com"]
[Source "ChessBase"]
[SourceQuality "1"]
[TimeControl "40/5400+30:900+30"]

1. Nf3 d5 2. g3 c6 3. Bg2 Bg4 4. O-O Nd7 5. d4 Ngf6 6. b3 e6 7. Bb2 Be7 8. Nbd2 h6 9. Ne5 Bf5 10. f4 Nxe5 11. fxe5 Ng4 12. Rf3 Bg5 13. Nf1 Be4 14. Rc3 Qb6 15. e3 Bxg2 16. Kxg2 h5 17. h3 Nh6 18. Qxh5 Be7 19. Rd3 O-O-O 1-0

[Event "Romanian-ch Open 2022"]
[Site "Eforie Nord"]
[Date "2022.02.25"]
[Round "7.13"]
[White "Manea, Alexandru"]
[Black "Voiteanu, Gabriel"]
[Result "1-0"]
[ECO "D77"]
[WhiteElo "2355"]
[BlackElo "2207"]
[Annotator "ChessBase"]
[PlyCount "123"]
[EventDate "2022.02.20"]
[EventType "swiss"]
[EventCountry "ROU"]
[SourceTitle "playchess.com"]
[Source "ChessBase"]
[SourceQuality "1"]
[TimeControl "40/5400+30:900+30"]

1. d4 d5 2. Nf3 Nf6 3. g3 g6 4. Bg2 Bg7 5. O-O O-O 6. c4 dxc4 7. Na3 Na6 8. Nxc4 c5 9. b3 Be6 10. Ng5 Bd5 11. e4 Bxc4 12. bxc4 h6 13. e5 hxg5 14. exf6 Bxf6 15. Bxb7 Qxd4 16. Qxd4 Bxd4 17. Bxg5 f6 18. Be3 Nb4 19. Bxa8 Rxa8 20. Rad1 e5 21. a3 Nc2 22. Bc1 Rb8 23. Rd2 Na1 24. Kg2 f5 25. Ra2 Nb3 26. Bg5 a5 27. a4 Rb4 28. Rb1 Bc3 29. Bd8 Rb8 30. Bc7 Rb7 31. Ra3 Rxc7 32. Raxb3 Bb4 33. Rd3 e4 34. Rd6 Kf7 35. Rbd1 Bc3 36. Rd7+ Rxd7 37. Rxd7+ Ke6 38. Rd5 Bd4 39. Kf1 g5 40. Ke2 g4 41. Kf1 Kf6 42. Kg1 Ke6 43. Kg2 Kf6 44. Rd8 Ke5 45. Re8+ Kf6 46. Ra8 Bc3 47. h3 Ke5 48. Rd8 gxh3+ 49. Kxh3 e3 50. fxe3 Ke4 51. Rd5 Kxe3 52. Rxc5 f4 53. gxf4 Kxf4 54. Kg2 Ke4 55. Rd5 Bb4 56. Kg3 Be7 57. Kg4 Bf6 58. Rxa5 Kd4 59. Rf5 Be7 60. a5 Kxc4 61. a6 Bc5 62. Rxc5+ 1-0

[Event "Romanian-ch Open 2022"]
[Site "Eforie Nord"]
[Date "2022.02.25"]
[Round "7.14"]
[White "Coca, Cristi-Iulian"]
[Black "Vajda, Albert"]
[Result "1/2-1/2"]
[ECO "C53"]
[WhiteElo "2147"]
[BlackElo "2351"]
[Annotator "ChessBase"]
[PlyCount "51"]
[EventDate "2022.02.20"]
[EventType "swiss"]
[EventCountry "ROU"]
[SourceTitle "playchess.com"]
[Source "ChessBase"]
[SourceQuality "1"]
[TimeControl "40/5400+30:900+30"]

1. e4 e5 2. Nf3 Nc6 3. Bc4 Bc5 4. c3 Bb6 5. O-O Nf6 6. d4 Qe7 7. Bg5 d6 8. Bb5 Bd7 9. dxe5 dxe5 10. Nbd2 h6 11. Bh4 O-O-O 12. Qe2 g5 13. Bg3 Nh5 14. Bxc6 Bxc6 15. Nc4 Nxg3 16. hxg3 f6 17. a4 Bc5 18. b4 Bd6 19. b5 Bd7 20. a5 Bc5 21. Rfb1 c6 22. Ne3 cxb5 23. Nd5 Qe6 24. c4 Bc6 25. cxb5 Bxd5 26. Rc1 1/2-1/2

[Event "Romanian-ch Open 2022"]
[Site "Eforie Nord"]
[Date "2022.02.25"]
[Round "7.15"]
[White "Daianu, Cristian-Clement"]
[Black "Bonte, Andrei-Mihai"]
[Result "0-1"]
[ECO "C10"]
[WhiteElo "2171"]
[BlackElo "2349"]
[Annotator "ChessBase"]
[PlyCount "94"]
[EventDate "2022.02.20"]
[EventType "swiss"]
[EventCountry "ROU"]
[SourceTitle "playchess.com"]
[Source "ChessBase"]
[SourceQuality "1"]
[TimeControl "40/5400+30:900+30"]

1. e4 e6 2. d4 d5 3. Nd2 dxe4 4. Nxe4 Nd7 5. g3 b6 6. Bg2 Rb8 7. Nf3 Bb7 8. Qe2 Ngf6 9. Ne5 Nxe5 10. dxe5 Nxe4 11. Bxe4 Bxe4 12. Qxe4 Qd5 13. Qxd5 exd5 14. Bf4 Kd7 15. O-O-O Ke6 16. Bd2 Be7 17. f4 h5 18. Rhf1 g6 19. Rf3 c5 20. h3 Rbg8 21. g4 hxg4 22. hxg4 Rh4 23. Rg1 Rgh8 24. Rff1 Bd8 25. Be1 Rh3 26. Bg3 d4 27. c4 dxc3 28. bxc3 Bc7 29. Kc2 Rd8 30. f5+ Ke7 31. Rf3 c4 32. Re1 b5 33. fxg6 fxg6 34. Ref1 Rd3 35. Rf7+ Ke6 36. R1f6+ Kd5 37. Rd7+ Ke4 38. Rf4+ Ke3 39. Rfd4 Rxg3 40. Rxc7 Rg2+ 41. Kb1 Rxd4 42. cxd4 Kxd4 43. Rxa7 Kc3 44. Ra3+ Kd2 45. Kb2 b4 46. Ra7 Kd3+ 47. Kb1 Kc3 0-1

[Event "Romanian-ch Open 2022"]
[Site "Eforie Nord"]
[Date "2022.02.25"]
[Round "7.16"]
[White "Doncea, Vladimir"]
[Black "Sachilaru, Alexandru"]
[Result "1/2-1/2"]
[ECO "E17"]
[WhiteElo "2367"]
[BlackElo "2085"]
[Annotator "NA"]
[PlyCount "68"]
[EventDate "2022.02.20"]
[EventType "swiss"]
[EventCountry "ROU"]
[SourceTitle "playchess.com"]
[Source "ChessBase"]
[SourceQuality "1"]
[TimeControl "40/5400+30:900+30"]

1. d4 Nf6 2. c4 e6 3. Nf3 b6 4. g3 Bb7 5. Bg2 Be7 6. O-O O-O 7. Re1 d5 8. Ne5 Nbd7 9. Bf4 c5 10. Nc3 cxd4 11. Qxd4 Bc5 12. Qd2 Nxe5 13. Bxe5 Bxf2+ 14. Kxf2 Ng4+ 15. Kg1 Nxe5 16. cxd5 exd5 17. Nxd5 Rc8 18. Rad1 Bxd5 19. Qxd5 Qg5 20. Qd2 Qe7 21. b3 Qc5+ 22. Qd4 Qxd4+ 23. Rxd4 Rc2 24. a4 Rb2 25. Re4 f6 26. Rc1 Rd8 27. Bh3 Kf8 28. Rc7 a5 29. Be6 Nf3+ 30. Kf2 Ng5 31. Re3 Re8 32. Bd5 Nh3+ 33. Kf3 Ng1+ 34. Kf2 Nh3+ 1/2-1/2

[Event "Romanian-ch Open 2022"]
[Site "Eforie Nord"]
[Date "2022.02.25"]
[Round "7.17"]
[White "Popescu, Daniel-Vasilica"]
[Black "Stepanencu, Nicodim-Cosmin"]
[Result "1-0"]
[ECO "B70"]
[WhiteElo "2064"]
[BlackElo "2334"]
[Annotator "ChessBase"]
[PlyCount "71"]
[EventDate "2022.02.20"]
[EventType "swiss"]
[EventCountry "ROU"]
[SourceTitle "playchess.com"]
[Source "ChessBase"]
[SourceQuality "1"]
[TimeControl "40/5400+30:900+30"]

1. e4 c5 2. Nf3 d6 3. d4 cxd4 4. Nxd4 Nf6 5. Nc3 a6 6. Be2 g6 7. Be3 Bg7 8. g4 h5 9. gxh5 Nxh5 10. Qd2 Nf6 11. O-O-O Bd7 12. f4 Nc6 13. f5 Ne5 14. fxg6 fxg6 15. Rdf1 Bh3 16. Rfg1 Rc8 17. Rg3 Qd7 18. Rhg1 Rxc3 19. Qxc3 Nxe4 20. Qb3 Nxg3 21. Rxg3 d5 22. Qb6 Bf6 23. Bg5 Rf8 24. Bh6 Rf7 25. Bxa6 bxa6 26. Rxh3 Rh7 27. Ne6 Nc6 28. Qe3 d4 29. Qe4 Kf7 30. Nf8 Bg5+ 31. Kd1 Rxh6 32. Nxd7 Rxh3 33. Qxc6 Bf4 34. Qd5+ Ke8 35. Nf6+ Kf8 36. Qg8# 1-0

[Event "Romanian-ch Open 2022"]
[Site "Eforie Nord"]
[Date "2022.02.25"]
[Round "7.18"]
[White "Patrascu, Catalin-Lucian"]
[Black "Veress, Armand"]
[Result "0-1"]
[ECO "B35"]
[WhiteElo "2310"]
[BlackElo "2034"]
[Annotator "NA"]
[PlyCount "56"]
[EventDate "2022.02.20"]
[EventType "swiss"]
[EventCountry "ROU"]
[SourceTitle "playchess.com"]
[Source "ChessBase"]
[SourceQuality "1"]
[TimeControl "40/5400+30:900+30"]

1. e4 c5 2. Nf3 Nc6 3. d4 cxd4 4. Nxd4 g6 5. Nc3 Bg7 6. Be3 Nf6 7. Bc4 O-O 8. Bb3 a6 9. Nxc6 bxc6 10. e5 Ne8 11. f4 d6 12. Ne4 Qc7 13. Qf3 dxe5 14. O-O-O Nf6 15. Nxf6+ Bxf6 16. g4 e4 17. Qg2 a5 18. a4 Rb8 19. Rd2 c5 20. Rd5 Bd4 21. Qd2 Be6 22. Bxd4 cxd4 23. Qxa5 Qxf4+ 24. Kb1 Bxd5 25. Qxd5 Rfd8 26. Qc4 d3 27. cxd3 Qf3 28. Ka2 Rxb3 0-1

[Event "Romanian-ch Open 2022"]
[Site "Eforie Nord"]
[Date "2022.02.25"]
[Round "7.19"]
[White "Magold, Filip"]
[Black "Mintau, Andrei-Catalin"]
[Result "1-0"]
[ECO "B76"]
[WhiteElo "2204"]
[BlackElo "2029"]
[Annotator "NA"]
[PlyCount "79"]
[EventDate "2022.02.20"]
[EventType "swiss"]
[EventCountry "ROU"]
[SourceTitle "playchess.com"]
[Source "ChessBase"]
[SourceQuality "1"]
[TimeControl "40/5400+30:900+30"]

1. e4 c5 2. Nf3 g6 3. d4 Bg7 4. Nc3 Qa5 5. a3 Nf6 6. Bd3 Nc6 7. d5 Nd4 8. Nxd4 cxd4 9. b4 Qd8 10. Nb5 a6 11. Nxd4 Nxd5 12. Bb2 Qb6 13. exd5 Bxd4 14. Bxd4 Qxd4 15. O-O Qxd5 16. Re1 e6 17. c4 Qd4 18. c5 a5 19. Rxe6+ Kf8 20. Rd6 Qc3 21. Rc1 Qxa3 22. Bc4 Qb2 23. Rc2 Qe5 24. Re2 Qc3 25. Rd3 Qxc4 26. Qa1 Rg8 27. Rde3 Qe6 28. Rxe6 fxe6 29. Qa4 Ke7 30. b5 g5 31. b6 Rf8 32. g3 Rf5 33. Rc2 Kf7 34. f4 g4 35. h3 gxh3 36. g4 Rd5 37. Kh2 Kf8 38. Kxh3 d6 39. cxd6 Rxd6 40. Qa3 1-0

[Event "Romanian-ch Open 2022"]
[Site "Eforie Nord"]
[Date "2022.02.25"]
[Round "7.20"]
[White "Antal, Hunor-Zoltan"]
[Black "Radu, David Cr."]
[Result "1/2-1/2"]
[ECO "D32"]
[WhiteElo "2172"]
[BlackElo "1960"]
[Annotator "ChessBase"]
[PlyCount "76"]
[EventDate "2022.02.20"]
[EventType "swiss"]
[EventCountry "ROU"]
[SourceTitle "playchess.com"]
[Source "ChessBase"]
[SourceQuality "1"]
[TimeControl "40/5400+30:900+30"]

1. c4 e6 2. Nc3 d5 3. e3 Nf6 4. Nf3 c5 5. cxd5 exd5 6. d4 Nc6 7. Be2 cxd4 8. Nxd4 Bd6 9. Bf3 a6 10. Nxc6 bxc6 11. O-O O-O 12. b3 Qe7 13. Bb2 h5 14. Ne2 Bg4 15. Ng3 Bxf3 16. Qxf3 Be5 17. Bxe5 Qxe5 18. Rac1 Rfc8 19. Rc2 a5 20. Rfc1 a4 21. b4 a3 22. Qf5 Qd6 23. Qg5 Rab8 24. Nf5 Qf8 25. Nd4 c5 26. bxc5 Rxc5 27. h3 Rxc2 28. Rxc2 Rb1+ 29. Kh2 Rb2 30. Rc6 Rxf2 31. Nf5 Qb8+ 32. Nd6 Qb2 33. Rc8+ Kh7 34. Qg3 Ne4 35. Nxe4 dxe4 36. Qg5 g6 37. Re8 Rf5 38. Qd8 Rf2 1/2-1/2

[Event "Romanian-ch Open 2022"]
[Site "Eforie Nord"]
[Date "2022.02.25"]
[Round "7.21"]
[White "Sarighioleanu, Sebastian-Laure"]
[Black "Cnejev, Vladimir-Alexandru"]
[Result "0-1"]
[ECO "D58"]
[WhiteElo "2045"]
[BlackElo "2179"]
[Annotator "ChessBase"]
[PlyCount "90"]
[EventDate "2022.02.20"]
[EventType "swiss"]
[EventCountry "ROU"]
[SourceTitle "playchess.com"]
[Source "ChessBase"]
[SourceQuality "1"]
[TimeControl "40/5400+30:900+30"]

1. d4 d5 2. c4 e6 3. Nc3 Nf6 4. Bg5 Be7 5. e3 h6 6. Bh4 O-O 7. Nf3 b6 8. Qc2 Bb7 9. Bxf6 Bxf6 10. cxd5 exd5 11. h4 g6 12. g4 Bg7 13. O-O-O Nd7 14. h5 g5 15. Bg2 Re8 16. Kb1 Nf8 17. Ng1 c6 18. Nge2 Bc8 19. Bh3 Bd7 20. Ng3 Qc8 21. Nf5 Bxf5 22. gxf5 Qd8 23. Ne2 Qd6 24. Rc1 c5 25. dxc5 bxc5 26. Qxc5 Qe5 27. Nc3 Rac8 28. Qa5 Rc4 29. Rc2 Rb8 30. Rhc1 Qh2 31. f6 Bxf6 32. Bf5 Bxc3 33. Qxd5 Bxb2 34. Rxc4 Ba3+ 35. Kc2 Qxf2+ 36. Kd3 Bxc1 37. Rxc1 Rb2 38. Ke4 Qg2+ 39. Ke5 Qg3+ 40. Ke4 Qg2+ 41. Ke5 Qe2 42. Kf6 Rb6+ 43. Rc6 Rxc6+ 44. Qxc6 Qb2+ 45. Ke7 Qe5+ 0-1

[Event "Romanian-ch Open 2022"]
[Site "Eforie Nord"]
[Date "2022.02.25"]
[Round "7.22"]
[White "Zaim, Marian"]
[Black "Andronescu, Madalin"]
[Result "1/2-1/2"]
[ECO "A49"]
[WhiteElo "1964"]
[BlackElo "2122"]
[Annotator "ChessBase"]
[PlyCount "113"]
[EventDate "2022.02.20"]
[EventType "swiss"]
[EventCountry "ROU"]
[SourceTitle "playchess.com"]
[Source "ChessBase"]
[SourceQuality "1"]
[TimeControl "40/5400+30:900+30"]

1. Nf3 Nf6 2. g3 g6 3. Bg2 Bg7 4. O-O O-O 5. d4 d6 6. b3 c6 7. Bb2 Nbd7 8. Nbd2 d5 9. c4 Re8 10. Qc2 Qa5 11. Rfe1 Nf8 12. Bc3 Qc7 13. Ne5 Bf5 14. Qb2 Rad8 15. Qa3 Ne6 16. e3 h5 17. Rac1 dxc4 18. bxc4 c5 19. d5 Ng5 20. e4 Nfxe4 21. Nxe4 Nxe4 22. Bxe4 Bxe5 23. Bxe5 Qxe5 24. Bxf5 Qxf5 25. Qxa7 Ra8 26. Qxc5 Rxa2 27. Rb1 Rc8 28. Qe3 Rxc4 29. Rf1 Re4 30. Qc5 h4 31. Rxb7 h3 32. Rb8+ Kg7 33. Qc8 Qxc8 34. Rxc8 Rd4 35. Rc7 Kf6 36. Rd7 Re2 37. Rd8 g5 38. Rh8 g4 39. f3 gxf3 40. Rxf3+ Kg5 41. Rf1 Rxd5 42. Rxh3 f5 43. Rf2 Rdd2 44. Rxe2 Rxe2 45. Kf1 Ra2 46. Rh7 e5 47. Rh4 f4 48. Rh8 f3 49. Rf8 Kg4 50. Kg1 Re2 51. Rf7 e4 52. Rf4+ Kg5 53. h4+ Kg6 54. Kf1 Kh5 55. Kg1 Re1+ 56. Kf2 Re2+ 57. Kf1 1/2-1/2

[Event "Romanian-ch Open 2022"]
[Site "Eforie Nord"]
[Date "2022.02.25"]
[Round "7.23"]
[White "Vilcu, Matei-Stefan"]
[Black "Prelipcean, Eric-Matei"]
[Result "1-0"]
[ECO "B45"]
[WhiteElo "2112"]
[BlackElo "1935"]
[Annotator "NA"]
[PlyCount "69"]
[EventDate "2022.02.20"]
[EventType "swiss"]
[EventCountry "ROU"]
[SourceTitle "playchess.com"]
[Source "ChessBase"]
[SourceQuality "1"]
[TimeControl "40/5400+30:900+30"]

1. e4 c5 2. Nf3 Nc6 3. d4 cxd4 4. Nxd4 Nf6 5. Nc3 e6 6. g3 Bb4 7. Bg2 d6 8. O-O O-O 9. Nde2 a6 10. h3 Bc5 11. a4 Nb4 12. b3 d5 13. exd5 Nbxd5 14. Nxd5 Nxd5 15. Bb2 Ne7 16. Qxd8 Rxd8 17. Rad1 Re8 18. Rd2 f6 19. Rfd1 Kf7 20. Bd4 Bxd4 21. Rxd4 Rb8 22. Nc3 e5 23. Rb4 Bf5 24. Ne4 Bxe4 25. Bxe4 b6 26. Rd6 Nc8 27. Bd5+ Kf8 28. Rd7 Re7 29. Rd8+ Re8 30. Rxe8+ Kxe8 31. a5 Kd7 32. axb6 Rxb6 33. Ra4 Na7 34. Bc4 Nb5 35. Rxa6 1-0

[Event "Romanian-ch Open 2022"]
[Site "Eforie Nord"]
[Date "2022.02.25"]
[Round "7.24"]
[White "Craciun, Sasha-Matei"]
[Black "Dragomirescu, Calin"]
[Result "1/2-1/2"]
[ECO "B33"]
[WhiteElo "1871"]
[BlackElo "2092"]
[Annotator "NA"]
[PlyCount "129"]
[EventDate "2022.02.20"]
[EventType "swiss"]
[EventCountry "ROU"]
[SourceTitle "playchess.com"]
[Source "ChessBase"]
[SourceQuality "1"]
[TimeControl "40/5400+30:900+30"]

1. e4 c5 2. Nf3 Nc6 3. d4 cxd4 4. Nxd4 Nf6 5. Nc3 e5 6. Ndb5 d6 7. Bg5 a6 8. Na3 b5 9. Nd5 Be7 10. Bxf6 Bxf6 11. c3 O-O 12. Nc2 Rb8 13. Nce3 Bg5 14. g3 Bxe3 15. Nxe3 Ne7 16. Bg2 Be6 17. Qd2 Qb6 18. O-O b4 19. cxb4 Qxb4 20. Qxb4 Rxb4 21. b3 Rd4 22. Rfd1 Nc6 23. Bf1 Rxd1 24. Rxd1 Nd4 25. Rc1 g6 26. Rc7 a5 27. Bc4 a4 28. b4 Bxc4 29. Nxc4 Nb5 30. Rc6 Nc3 31. Nxd6 Nxa2 32. b5 Nb4 33. Rc4 Rd8 34. Rxb4 Rxd6 35. b6 Rd8 36. Rxa4 Rd1+ 37. Kg2 Rb1 38. Ra8+ Kg7 39. Rb8 h5 40. h4 Rb3 41. b7 Kf6 42. Kf1 Rb1+ 43. Ke2 Rb2+ 44. Kd3 Rb1 45. Kc4 Rc1+ 46. Kd5 Rd1+ 47. Kc6 Rc1+ 48. Kd7 Rb1 49. f3 Rb2 50. g4 hxg4 51. fxg4 Kg7 52. Ke7 f6 53. h5 gxh5 54. gxh5 Rb6 55. h6+ Kh7 56. Kf7 f5 57. exf5 e4 58. f6 e3 59. Re8 Rxb7+ 60. Kf8 Kg6 61. f7 Rxf7+ 62. Kg8 Rh7 63. Rxe3 Rxh6 64. Re6+ Kg5 65. Rxh6 1/2-1/2

[Event "Romanian-ch Open 2022"]
[Site "Eforie Nord"]
[Date "2022.02.25"]
[Round "7.25"]
[White "Serban, Cristian-Stefan"]
[Black "Ciocani, Iosif"]
[Result "1-0"]
[ECO "E97"]
[WhiteElo "2090"]
[BlackElo "1876"]
[Annotator "NA"]
[PlyCount "91"]
[EventDate "2022.02.20"]
[EventType "swiss"]
[EventCountry "ROU"]
[SourceTitle "playchess.com"]
[Source "ChessBase"]
[SourceQuality "1"]
[TimeControl "40/5400+30:900+30"]

1. d4 Nf6 2. c4 g6 3. Nc3 Bg7 4. e4 d6 5. Nf3 O-O 6. Be2 e5 7. O-O Nc6 8. Be3 h6 9. d5 Ne7 10. Nd2 Nd7 11. b4 f5 12. f3 f4 13. Bf2 a5 14. a3 b6 15. bxa5 Rxa5 16. Nb3 Ra8 17. a4 g5 18. a5 Nc5 19. axb6 Rxa1 20. Nxa1 cxb6 21. Nc2 Bd7 22. Na3 Qb8 23. Nab5 Nc8 24. Qa1 Rf7 25. Rb1 Bf8 26. Bxc5 dxc5 27. Qa6 h5 28. Na4 Be7 29. Nbc3 Rf6 30. Nb2 b5 31. Qa5 b4 32. Nd3 Qb6 33. Qa8 Bd6 34. Nb5 Rf8 35. Nxd6 Nxd6 36. Qa2 Re8 37. Bd1 Kf7 38. Bb3 g4 39. Kh1 g3 40. Qb2 Nxc4 41. Bxc4 Qd6 42. Ra1 Bc8 43. Ra7+ Kg6 44. Nxf4+ Kg5 45. Rg7+ Kh6 46. Rg6+ 1-0

[Event "Romanian-ch Open 2022"]
[Site "Eforie Nord"]
[Date "2022.02.25"]
[Round "7.26"]
[White "Mazilu, Stefan-Fabian"]
[Black "Ignat, Matei-Marius"]
[Result "1/2-1/2"]
[ECO "C07"]
[WhiteElo "1886"]
[BlackElo "2053"]
[Annotator "NA"]
[PlyCount "129"]
[EventDate "2022.02.20"]
[EventType "swiss"]
[EventCountry "ROU"]
[SourceTitle "playchess.com"]
[Source "ChessBase"]
[SourceQuality "1"]
[TimeControl "40/5400+30:900+30"]

1. e4 e6 2. d4 d5 3. Nd2 c5 4. exd5 Qxd5 5. Ngf3 cxd4 6. Bc4 Qd6 7. O-O Nf6 8. Re1 Nc6 9. Nb3 Be7 10. Nbxd4 Nxd4 11. Nxd4 O-O 12. c3 Qc7 13. Bb3 b6 14. Qf3 Bb7 15. Bf4 Bxf3 16. Bxc7 Bd5 17. h3 Rac8 18. Bh2 Rfd8 19. Bc2 Bc5 20. Red1 Bxg2 21. Nxe6 Rxd1+ 22. Rxd1 Bxh3 23. Nxc5 bxc5 24. Rd6 Re8 25. Bg3 h5 26. f3 Be6 27. b3 Nd5 28. c4 Ne3 29. Be4 Nf5 30. Bxf5 Bxf5 31. Bf2 Re2 32. Rd5 Bb1 33. Rxc5 Bxa2 34. b4 a6 35. Rc8+ Kh7 36. c5 Rc2 37. c6 Be6 38. Rc7 Kg6 39. Bc5 Bd5 40. Ra7 Bxf3 41. c7 Bg4 42. Rxa6+ Kg5 43. Ra8 h4 44. c8=Q Bxc8 45. Rxc8 Rb2 46. Be7+ f6 47. Rc4 h3 48. Bc5 Kf5 49. Rh4 h2+ 50. Rxh2 Rb1+ 51. Kg2 Rb2+ 52. Kg3 Rxh2 53. Kxh2 Ke4 54. Kg3 Kd5 55. Kf4 g5+ 56. Kf5 Kc4 57. Be7 Kb5 58. Bd6 Kc4 59. Bf8 Kb5 60. Be7 Kc4 61. Bd6 Kb5 62. Ke4 Kc4 63. Be7 g4 64. Bd6 f5+ 65. Kxf5 1/2-1/2

[Event "Romanian-ch Open 2022"]
[Site "Eforie Nord"]
[Date "2022.02.25"]
[Round "7.27"]
[White "Butolo, Alexandru-Mircea"]
[Black "Bobocea, Laurentiu-Vlad"]
[Result "1-0"]
[ECO "B96"]
[WhiteElo "1850"]
[BlackElo "1987"]
[Annotator "NA"]
[PlyCount "63"]
[EventDate "2022.02.20"]
[EventType "swiss"]
[EventCountry "ROU"]
[SourceTitle "playchess.com"]
[Source "ChessBase"]
[SourceQuality "1"]
[TimeControl "40/5400+30:900+30"]

1. e4 c5 2. Nf3 d6 3. d4 cxd4 4. Nxd4 Nf6 5. Nc3 a6 6. Bg5 e6 7. f4 h6 8. Bh4 Qb6 9. Qd2 Qxb2 10. Rb1 Qa3 11. f5 Be7 12. fxe6 fxe6 13. Bc4 Nxe4 14. Nxe4 Bxh4+ 15. g3 Bg5 16. Nxg5 hxg5 17. Rb3 Qa4 18. Rf1 Nc6 19. Nxe6 Bxe6 20. Bxe6 Nd4 21. Bf7+ Kd7 22. Rxb7+ Kc8 23. Rb2 Ra7 24. Kd1 Rf8 25. Rb4 Qxa2 26. Qxd4 Rfxf7 27. Re1 Rac7 28. Qg4+ Rcd7 29. Re8+ Kc7 30. Qd4 Qa5 31. Rc4+ Kb7 32. Rb4+ 1-0

[Event "Romanian-ch Open 2022"]
[Site "Eforie Nord"]
[Date "2022.02.25"]
[Round "7.28"]
[White "Coicev, Matei-Andrei"]
[Black "Pirvulescu, Adrian"]
[Result "1-0"]
[ECO "B04"]
[WhiteElo "1970"]
[BlackElo "1843"]
[Annotator "NA"]
[PlyCount "57"]
[EventDate "2022.02.20"]
[EventType "swiss"]
[EventCountry "ROU"]
[SourceTitle "playchess.com"]
[Source "ChessBase"]
[SourceQuality "1"]
[TimeControl "40/5400+30:900+30"]

1. e4 Nf6 2. e5 Nd5 3. d4 d6 4. Nf3 Nb6 5. a4 a5 6. Bb5+ c6 7. Be2 dxe5 8. Nxe5 g6 9. O-O Bg7 10. Bf4 N8d7 11. Nf3 h6 12. h3 Nd5 13. Bg3 Qb6 14. Ra3 Qxb2 15. Rb3 Qa1 16. c3 N7f6 17. Nfd2 Bf5 18. Qc1 Bxb1 19. Nxb1 Qa2 20. Bc4 Ne4 21. Rb4 Nxg3 22. fxg3 Qa1 23. Rb3 Qxa4 24. Nd2 Bxd4+ 25. cxd4 b5 26. Bxb5 cxb5 27. Qc6+ Kf8 28. Qxa8+ Kg7 29. Qxd5 1-0

[Event "Romanian-ch Open 2022"]
[Site "Eforie Nord"]
[Date "2022.02.25"]
[Round "7.29"]
[White "Chis, Bogdan-Vasile"]
[Black "Negrean, Andrei"]
[Result "0-1"]
[ECO "B23"]
[WhiteElo "1685"]
[BlackElo "1941"]
[Annotator "NA"]
[PlyCount "96"]
[EventDate "2022.02.20"]
[EventType "swiss"]
[EventCountry "ROU"]
[SourceTitle "playchess.com"]
[Source "ChessBase"]
[SourceQuality "1"]
[TimeControl "40/5400+30:900+30"]

1. e4 c5 2. Nc3 Nc6 3. f4 g6 4. Nf3 Bg7 5. Bb5 Nd4 6. Bd3 d6 7. Nxd4 cxd4 8. Ne2 Nf6 9. O-O O-O 10. c3 dxc3 11. bxc3 d5 12. e5 Ne4 13. Bxe4 dxe4 14. Ng3 Bf5 15. Nxf5 gxf5 16. Rb1 b6 17. d4 exd3 18. Rf3 Qc7 19. Rxd3 Rfd8 20. Be3 e6 21. Bd4 Rd5 22. Rb2 Rad8 23. Rbd2 Qc4 24. Qe2 b5 25. a3 a5 26. Rb2 Kh8 27. Rdd2 Qxe2 28. Rxe2 Bf8 29. Bb6 Bc5+ 30. Bxc5 Rxc5 31. Re3 Rdc8 32. Kf2 Rxc3 33. Rxb5 Rxe3 34. Kxe3 Rc3+ 35. Kd4 Rxa3 36. Rb2 Ra4+ 37. Ke3 Re4+ 38. Kf3 a4 39. h3 Rc4 40. Ra2 Rc3+ 41. Kf2 a3 42. Kg1 Rb3 43. Kh2 Kg7 44. h4 Kg6 45. Ra1 Kh5 46. g3 Kg4 47. h5 Rb2+ 48. Kg1 a2 0-1

[Event "Romanian-ch Open 2022"]
[Site "Eforie Nord"]
[Date "2022.02.25"]
[Round "7.30"]
[White "Capragiu, Matei-Stefan"]
[Black "Craciun, Gheorghe"]
[Result "0-1"]
[ECO "A96"]
[WhiteElo "1902"]
[BlackElo "1655"]
[Annotator "NA"]
[PlyCount "148"]
[EventDate "2022.02.20"]
[EventType "swiss"]
[EventCountry "ROU"]
[SourceTitle "playchess.com"]
[Source "ChessBase"]
[SourceQuality "1"]
[TimeControl "40/5400+30:900+30"]

1. d4 f5 2. g3 Nf6 3. Bg2 e6 4. c4 d6 5. Nf3 Be7 6. O-O O-O 7. b3 Ne4 8. Bb2 Bf6 9. Nfd2 d5 10. Nxe4 fxe4 11. e3 Nc6 12. f3 exf3 13. Bxf3 Ne7 14. Na3 c6 15. Qd3 dxc4 16. bxc4 e5 17. Rad1 exd4 18. exd4 Bh3 19. Rf2 Qd7 20. d5 Rad8 21. Bxf6 Rxf6 22. Rfd2 Rdf8 23. Bg2 Bxg2 24. Kxg2 Qd6 25. Nc2 cxd5 26. cxd5 Ng6 27. Qe4 Ne5 28. Nd4 Nc4 29. Re2 Qb6 30. Rde1 Nd6 31. Qe3 Qc5 32. Nb3 Qxd5+ 33. Kg1 a6 34. Qd4 Qxd4+ 35. Nxd4 b5 36. a4 bxa4 37. Ra1 Nb5 38. Ne6 Re8 39. Nf4 Rxe2 40. Nxe2 a3 41. Nf4 Rd6 42. Kf2 g5 43. Ne2 Rd2 44. Ke3 Rb2 45. Kd3 g4 46. Rc1 a2 47. Ra1 Kf7 48. Nc1 Rxh2 49. Rxa2 Rxa2 50. Nxa2 Ke6 51. Ke4 h5 52. Kf4 Kf6 53. Nb4 Nc7 54. Nd3 Ne6+ 55. Ke4 a5 56. Kd5 a4 57. Kc4 a3 58. Kb3 Nd4+ 59. Kxa3 Ne2 60. Kb2 Nxg3 61. Kc1 h4 62. Kd2 h3 63. Ke3 Kg5 64. Nf2 h2 65. Kd3 h1=Q 66. Nxh1 Nxh1 67. Ke2 Ng3+ 68. Kf2 Kf4 69. Kg2 Nf5 70. Kf2 g3+ 71. Kg2 Kg4 72. Kg1 Kf3 73. Kh1 g2+ 74. Kg1 Nd6 0-1